 Dungeon Crawl Stone Soup version 0.27.1 (webtiles) character file.

Game seed: 9408419055195876212

154 Destapler the Cleaver (level 5, -1/41 HPs)
             Began as a Gnoll Wanderer on Aug 30, 2021.
             Was a Follower of Vehumet.
             Killed from afar by Blork the orc (5 damage)
             ... with a puff of flame
             ... on level 3 of the Dungeon.
             The game lasted 00:06:14 (3306 turns).

Destapler the Cleaver (Gnoll Wanderer)              Turns: 3306, Time: 00:06:14

Health: -1/41      AC:  6    Str: 18    XL:     5   Next: 36%
Magic:  0/7        EV:  8    Int:  9    God:    Vehumet [*.....]
Gold:   104        SH:  8    Dex: 14    Spells: 5/6 levels left

rFire    . . .     SeeInvis .   a - +3 whip
rCold    + . .     Faith    .   p - +0 kite shield
rNeg     . . .     Spirit   +   w - +1 ring mail {rC+}
rPois    .         Reflect  .   (no helmet)
rElec    .         Harm     .   (no cloak)
rCorr    .         Rampage  .   (no gloves)
Will     .....                  (no boots)
Stlth    +.........             f - amulet of guardian spirit
HPRegen  0.13/turn              u - +6 ring of strength
MPRegen  0.10/turn              (no ring)

@: no status effects
A: fangs 1, strong nose, distributed training
a: Renounce Religion


You were on level 3 of the Dungeon.
You worshipped Vehumet.
Vehumet was aware of your devotion.
You visited 1 branch of the dungeon, and saw 4 of its levels.

You collected 104 gold pieces.

Inventory:

Hand Weapons
 a - a +3 whip (weapon)
 b - a +3 dagger
Missiles
 r - 7 boomerangs (quivered)
Armour
 p - a +0 kite shield (worn)
 w - a +1 ring mail of cold resistance (worn)
Jewellery
 f - an amulet of guardian spirit (around neck)
 u - a +6 ring of strength (left hand)
 y - an amulet of regeneration
Scrolls
 d - a scroll of holy word {unknown}
 e - 2 scrolls of noise {unknown}
 g - a scroll of teleportation {unknown}
 h - a scroll of amnesia {unknown}
 m - a scroll of fog {unknown}
 o - 2 scrolls of identify {unknown}
 x - a scroll of vulnerability {unknown}
Potions
 c - a potion of curing
 i - a potion of heal wounds {unknown}
 j - a potion of resistance {unknown}
 k - 2 potions of haste {unknown}
 l - a potion of ambrosia {unknown}
 n - 2 potions of brilliance {unknown}
 s - a potion of lignification {unknown}
 t - a potion of might {unknown}
 v - 2 potions of degeneration {unknown}


   Skills:
 + Level 3.0 Fighting
 + Level 4.8 Short Blades
 + Level 1.4 Long Blades
 + Level 8.6 Axes
 + Level 1.4 Maces & Flails
 + Level 1.4 Polearms
 + Level 1.4 Staves
 + Level 1.4 Slings
 + Level 1.4 Bows
 + Level 1.4 Crossbows
 + Level 3.0 Throwing
 + Level 3.0 Armour
 + Level 1.4 Dodging
 + Level 1.4 Stealth
 + Level 1.4 Shields
 + Level 1.4 Unarmed Combat
 + Level 1.4 Spellcasting
 + Level 1.1 Conjurations
 + Level 1.1 Hexes
 + Level 1.1 Summonings
 + Level 1.1 Necromancy
 + Level 1.1 Translocations
 + Level 1.1 Transmutations
 + Level 1.1 Fire Magic
 + Level 1.1 Ice Magic
 + Level 1.1 Air Magic
 + Level 1.1 Earth Magic
 + Level 1.1 Poison Magic
 + Level 1.6 Invocations
 + Level 3.0 Evocations


You had 5 spell levels left.
You knew the following spells:

 Your Spells              Type           Power      Damage    Failure   Level
a - Shock                 Conj/Air       8%         1d3       92%         1

Your spell library contained the following spells:

 Spells                   Type           Power      Damage    Failure   Level


Dungeon Overview and Level Annotations

Branches:
Dungeon (4/15)
 Temple: D:4-7

Altars:
Vehumet

Annotations:
D:3 Blork the orc


Innate Abilities, Weirdness & Mutations

You have very sharp teeth.
Your uncanny sense of smell can sniff out nearby items.
Your experience applies equally to all skills.


Message History

You throw an atropa-tipped dart.
The atropa-tipped dart barely misses Blork the orc.
Blork the orc gestures at you while chanting.
The puff of flame hits you.
You throw an atropa-tipped dart.
The atropa-tipped dart barely misses Blork the orc.
Blork the orc hits you with a +0 war axe!
You throw an atropa-tipped dart.
The atropa-tipped dart closely misses Blork the orc.
Blork the orc gestures at you while chanting.
The puff of frost hits you. You resist.
* * * LOW HITPOINT WARNING * * *
You throw a boomerang.
The boomerang hits Blork the orc but does no damage.
Blork the orc hits you with a +0 war axe!
* * * LOW HITPOINT WARNING * * *
Blork the orc gestures wildly while chanting.
Blork the orc seems to speed up.
You are too injured to fight recklessly!
You are too injured to fight recklessly!
You are too injured to fight recklessly!
You are too injured to fight recklessly!
You are too injured to fight recklessly!
You are too injured to fight recklessly!
You are too injured to fight recklessly!
Blork the orc looks braver for a moment.
You block Blork the orc's attack.
You see here an adder corpse.
There is a stone staircase leading up here.
Blork the orc points at you and mumbles some strange words.
The puff of frost hits you. You resist.
* * * LOW HITPOINT WARNING * * *
Blork the orc hits you with a +0 war axe.
* * * LOW HITPOINT WARNING * * *
You climb upwards.
There is a stone staircase leading down here.
You see here a jackal corpse.
Blork the orc points at you and mumbles some strange words.
The puff of flame hits you!
You die...

#.#.....# #.# #.###.....)...#
#.####### #.# #.# #.###.#####
##'## #.####.# #.# #.# #.).##
#...##.###.###.# .....##
#####.##.........# # ......##
##.###.######.##.## ##
.......####...##.######.#...####.
.......'.........†o............'.
.......####...##@######.#...####.
......## ##.##..# #.##.######
.....## ####.## ##.#.......#
#...## #.# #....#####.# ...## #.#
#.#....# #.# ##.# #.# #....#.#
#.# ##.######### #.# ####.#.###<#
...........####.# #.......#
#...####........# ###.#####


You could see Blork the orc (fast).

Vanquished Creatures
  A hound skeleton (D:4)
  6 adders
  2 worms (D:2)
  2 dart slugs
  3 orcs (D:3)
  2 ball pythons
  9 bats
  8 endoplasms
  A giant cockroach (D:3)
  6 goblins
  8 hobgoblins
  8 jackals
  4 kobolds
  2 frilled lizards (D:1)
  6 rats
68 creatures vanquished.

Notes
Turn   | Place    | Note
-------+----------+-------------------------------------------
     0 | D:1      | Destapler the Gnoll Wanderer began the quest for the Orb.
     0 | D:1      | Destapler set off with the following items: a +2 hand axe,
                  | a +0 ring mail, a potion of curing
     0 | D:1      | Reached XP level 1. HP: 17/17 MP: 1/1
   124 | D:1      | Reached XP level 2. HP: 8/23 MP: 0/2
   570 | D:1      | Reached XP level 3. HP: 27/28 MP: 3/3
   888 | D:2      | Reached skill level 1 in Invocations
   968 | D:2      | Reached skill level 1 in Long Blades
   968 | D:2      | Reached skill level 1 in Maces & Flails
   968 | D:2      | Reached skill level 1 in Polearms
   968 | D:2      | Reached skill level 1 in Staves
   968 | D:2      | Reached skill level 1 in Slings
   968 | D:2      | Reached skill level 1 in Bows
   968 | D:2      | Reached skill level 1 in Crossbows
   968 | D:2      | Reached skill level 1 in Dodging
   968 | D:2      | Reached skill level 1 in Stealth
   968 | D:2      | Reached skill level 1 in Shields
   968 | D:2      | Reached skill level 1 in Unarmed Combat
   968 | D:2      | Reached skill level 1 in Spellcasting
  1122 | D:2      | Reached XP level 4. HP: 34/34 MP: 5/5
  1625 | D:2      | Found a faded altar of an unknown god.
  1744 | D:2      | Became a worshipper of Vehumet
  1744 | D:2      | Reached * piety under Vehumet
  1744 | D:2      | Offered knowledge of Shock by Vehumet.
  1747 | D:2      | Learned a level 1 spell: Shock
  2049 | D:3      | Reached skill level 1 in Conjurations
  2049 | D:3      | Reached skill level 1 in Hexes
  2049 | D:3      | Reached skill level 1 in Summonings
  2049 | D:3      | Reached skill level 1 in Necromancy
  2049 | D:3      | Reached skill level 1 in Translocations
  2049 | D:3      | Reached skill level 1 in Transmutations
  2049 | D:3      | Reached skill level 1 in Fire Magic
  2049 | D:3      | Reached skill level 1 in Ice Magic
  2049 | D:3      | Reached skill level 1 in Air Magic
  2049 | D:3      | Reached skill level 1 in Earth Magic
  2049 | D:3      | Reached skill level 1 in Poison Magic
  2557 | D:3      | Reached XP level 5. HP: 27/40 MP: 4/6
  3285 | D:4      | Noticed Blork the orc
  3306 | D:3      | Killed from afar by Blork the orc

Illustrated notes

Levels and vault maps discovered:
D:1:      minmay_arrival_doors, layout_basic
D:2:      layout_basic, ebering_ecumenical_altar_webs, minmay_stone_trees_small
D:3:      layout_loops_corners, kennysheep_generic_room_8
D:4:      layout_loops_cross, general_overflow_altar, uniq_blork_the_orc

Skill      XL: |  1  2  3  4  5 |
---------------+----------------+-----
Invocations    | 1 |  1.6
Long Blades    | 1 |  1.4
Maces & Flails | 1 |  1.4
Polearms       | 1 |  1.4
Staves         | 1 |  1.4
Slings         | 1 |  1.4
Bows           | 1 |  1.4
Crossbows      | 1 |  1.4
Dodging        | 1 |  1.4
Stealth        | 1 |  1.4
Shields        | 1 |  1.4
Unarmed Combat | 1 |  1.4
Spellcasting   | 1 |  1.4
Conjurations   | 1 |  1.1
Hexes          | 1 |  1.1
Summonings     | 1 |  1.1
Necromancy     | 1 |  1.1
Translocations | 1 |  1.1
Transmutations | 1 |  1.1
Fire Magic     | 1 |  1.1
Ice Magic      | 1 |  1.1
Air Magic      | 1 |  1.1
Earth Magic    | 1 |  1.1
Poison Magic   | 1 |  1.1
Fighting       | 3 |  3.0
Throwing       | 3 |  3.0
Armour         | 3 |  3.0
Evocations     | 3 |  3.0
Short Blades   | |  4.8
Axes           | |  8.6

Action                   |  1- 3 |  4- 6 || total
-------------------------+-------+-------++-------
Melee: Hand axe          |    19 |       ||    19
       Bite              |     7 |    14 ||    21
       Whip              |    66 |   112 ||   178
Throw: Dart              |       |     4 ||     4
       Boomerang         |       |     1 ||     1
 Stab: Sleeping          |       |     1 ||     1
Armor: Ring mail         |    47 |    57 ||   104
Dodge: Dodged            |    40 |    33 ||    73
Block: Kite shield       |    11 |    58 ||    69
